PR
FORT KNOX CENTENNIAL @ LONG ISLAND DUCKS
07/12/2042
 
TOP OF THE 1ST
Fort Knox Centennial batting - Pitching for Long Island Ducks : LHP Iukekini Kaliona
Pitching: LHP Iukekini Kaliona
Batting: RHB Jon Lake 0-0: Foul Ball, location: 2F
0-1: Ball
1-1: Ball
2-1: Ball
3-1: Fly out, F7 (Flyball, 7LS, EV 83.8 MPH)
Batting: RHB Ángel Torrez 0-0: Swinging Strike
0-1: Called Strike
0-2: Ball
1-2: Ball
2-2: Foul Ball, location: 2F
2-2: Foul Ball, location: 2F
2-2: Ball
3-2: Strikes out swinging
Batting: RHB Carlos Rivera 0-0: Called Strike
0-1: Swinging Strike
0-2: SINGLE (Groundball, 6MD, EV 95.0 MPH)
Batting: RHB Bubba Baker 0-0: Called Strike
0-1: Ball
1-1: Ball
2-1: Foul Ball, location: 2F
2-2: Ball
3-2: Ground out 3-1 (Groundball, 34S, EV 86.9 MPH)
Top of the 1st over - 0 runs, 1 hit, 0 errors, 1 left on base; Fort Knox 0 - Long Island 0
BOTTOM OF THE 1ST
Long Island Ducks batting - Pitching for Fort Knox Centennial : RHP Wayne Hankins
Pitching: RHP Wayne Hankins
Batting: RHB George Samuels 0-0: Fly out, F8 (Line Drive, 8RD, EV 102.5 MPH)
Batting: RHB Shu-yaan Seema 0-0: Ball
1-0: Ball
2-0: Ball
3-0: Called Strike
3-1: Base on Balls
Batting: RHB Abdul Razzad Zaimukhes 0-0: Ball
1-0: Ball
2-0: Ball
3-0: Called Strike
3-1: Fly out, F9 (Flyball, 9S, EV 88.8 MPH)
Batting: LHB Michizane Yamashita 0-0: Ball
1-0: Called Strike
1-1: Swinging Strike
1-2: SINGLE (Flyball, 89M, EV 98.1 MPH)
Shu-yaan Seema to second
Batting: RHB Alfredo Torres 0-0: Called Strike
0-1: Ball
1-1: Ball
2-1: Ground out 1-3 (Groundball, 23, EV 86.2 MPH)
Bottom of the 1st over - 0 runs, 1 hit, 0 errors, 2 left on base; Fort Knox 0 - Long Island 0
TOP OF THE 2ND
Fort Knox Centennial batting - Pitching for Long Island Ducks : LHP Iukekini Kaliona
Batting: RHB Lloyd Griffin 0-0: Ball
1-0: Ball
2-0: Called Strike
2-1: Ball
3-1: Base on Balls
Batting: RHB Heriberto Sanches 0-0: Grounds into double play, 6-4-3 (Groundball, 6, EV 84.4 MPH)
Batting: LHB Raúl Miranda 0-0: SINGLE (Groundball, 6D, EV 105.0 MPH)
Batting: RHB Reynaldo Parriego 0-0: Ball
Raúl Miranda is caught stealing 2nd base 2-4
Top of the 2nd over - 0 runs, 1 hit, 0 errors, 0 left on base; Fort Knox 0 - Long Island 0
BOTTOM OF THE 2ND
Long Island Ducks batting - Pitching for Fort Knox Centennial : RHP Wayne Hankins
Batting: RHB Al Ruíz 0-0: Foul Ball, location: 2F
0-1: Foul Ball, location: 2F
0-2: SINGLE (Groundball, 56D, EV 107.5 MPH)
Batting: LHB Danny Stone 0-0: SINGLE (Flyball, 8RS, EV 90.6 MPH)
Al Ruíz to second
Batting: RHB Edgardo Becerra 0-0: Called Strike
0-1: Swinging Strike
0-2: Ball
1-2: Foul Ball, location: 2F
1-2: Fly out, F9 (Line Drive, 9, EV 91.2 MPH)
Batting: RHB Tom Kelley 0-0: Fly out, F9 (Flyball, 9S, EV 84.4 MPH)
Batting: RHB George Samuels 0-0: Ball
1-0: Fly out, F8 (Flyball, 8LD, EV 101.9 MPH)
Bottom of the 2nd over - 0 runs, 2 hits, 0 errors, 2 left on base; Fort Knox 0 - Long Island 0
TOP OF THE 3RD
Fort Knox Centennial batting - Pitching for Long Island Ducks : LHP Iukekini Kaliona
Batting: RHB Reynaldo Parriego 0-0: Ball
1-0: Ball
2-0: Ball
3-0: Called Strike
3-1: Ground out 5-3 (Groundball, 5L, EV 87.5 MPH)
Batting: RHB Stan Doyle 0-0: Foul Ball, location: 2F
0-1: Swinging Strike
0-2: Strikes out swinging
Batting: RHB Jon Lake 0-0: Called Strike
0-1: Foul Ball, location: 2F
0-2: Ball
1-2: DOUBLE (Groundball, 5L, EV 105.6 MPH)
Batting: RHB Ángel Torrez 0-0: Called Strike
0-1: Ball
1-1: Called Strike
1-2: Strikes out swinging
Top of the 3rd over - 0 runs, 1 hit, 0 errors, 1 left on base; Fort Knox 0 - Long Island 0
BOTTOM OF THE 3RD
Long Island Ducks batting - Pitching for Fort Knox Centennial : RHP Wayne Hankins
Batting: RHB Shu-yaan Seema 0-0: Swinging Strike
0-1: Foul Ball, location: 2F
0-2: Ball
1-2: Foul Ball, location: 2F
1-2: Ball
2-2: Ball
3-2: Strikes out swinging
Batting: RHB Abdul Razzad Zaimukhes 0-0: Called Strike
0-1: Ball
1-1: Ball
2-1: SINGLE (Line Drive, 7LS, EV 109.4 MPH)
Batting: LHB Michizane Yamashita 0-0: Ground out U3 (Groundball, 34, EV 103.8 MPH)
Abdul Razzad Zaimukhes to second
Batting: RHB Alfredo Torres 0-0: Ball
1-0: Foul Ball, location: 2F
1-1: Foul Ball, location: 2F
1-2: Ball
2-2: SINGLE (Groundball, 56D, EV 105.6 MPH)
Abdul Razzad Zaimukhes to third
Batting: RHB Al Ruíz 0-0: Called Strike
0-1: Ball
1-1: Fly out, F8 (Flyball, 8RM, EV 91.9 MPH)
Bottom of the 3rd over - 0 runs, 2 hits, 0 errors, 2 left on base; Fort Knox 0 - Long Island 0
TOP OF THE 4TH
Fort Knox Centennial batting - Pitching for Long Island Ducks : LHP Iukekini Kaliona
Batting: RHB Carlos Rivera 0-0: DOUBLE (Line Drive, 7LS, EV 102.5 MPH)
Batting: RHB Bubba Baker 0-0: Ball
1-0: Foul Ball, location: 2F
1-1: Ball
2-1: Foul Ball, location: 2F
2-2: Fly out, F6 (Popup, P, EV 80.6 MPH)
Batting: RHB Lloyd Griffin 0-0: Ball
Wild Pitch!
Carlos Rivera to third
1-0: Called Strike
1-1: DOUBLE (Line Drive, 89D, EV 106.2 MPH)
Carlos Rivera scores
Batting: RHB Heriberto Sanches 0-0: Ball
1-0: Ground out 6-3 (Groundball, 6, EV 79.4 MPH)
Batting: LHB Raúl Miranda 0-0: Ball
1-0: Fly out, F7 (Flyball, 7LM, EV 85.6 MPH)
Top of the 4th over - 1 run, 2 hits, 0 errors, 1 left on base; Fort Knox 1 - Long Island 0
BOTTOM OF THE 4TH
Long Island Ducks batting - Pitching for Fort Knox Centennial : RHP Wayne Hankins
Batting: LHB Danny Stone 0-0: Ball
1-0: SINGLE (Groundball, 13S, EV 70.0 MPH) (infield hit)
Batting: RHB Edgardo Becerra 0-0: Foul Ball, location: 2F
0-1: Ball
1-1: Swinging Strike
1-2: SINGLE (Groundball, 6MD, EV 102.5 MPH)
Danny Stone to second
Batting: RHB Tom Kelley 0-0: Called Strike
0-1: Ball
1-1: Fly out, F8 (Flyball, 8RD, EV 100.0 MPH)
Batting: RHB George Samuels 0-0: Ball
1-0: Fly out, F7 (Flyball, 7S, EV 90.6 MPH)
Batting: RHB Shu-yaan Seema 0-0: Foul Ball, location: 2F
0-1: Ball
1-1: Called Strike
1-2: Ball
2-2: Ball
3-2: Foul Ball, location: 2F
3-2: Foul Ball, location: 2F
3-2: Fly out, F6 (Line Drive, 6, EV 73.1 MPH)
Bottom of the 4th over - 0 runs, 2 hits, 0 errors, 2 left on base; Fort Knox 1 - Long Island 0
TOP OF THE 5TH
Fort Knox Centennial batting - Pitching for Long Island Ducks : LHP Iukekini Kaliona
Batting: RHB Reynaldo Parriego 0-0: Called Strike
0-1: Foul Ball, location: 2F
0-2: Ball
1-2: Fly out, F7 (Flyball, 78D, EV 92.5 MPH)
Batting: RHB Stan Doyle 0-0: Ball
1-0: Ball
2-0: Foul Ball, location: 2F
2-1: Fly out, F7 (Flyball, 7S, EV 79.4 MPH)
Batting: RHB Jon Lake 0-0: SINGLE (Flyball, 8LS, EV 94.4 MPH)
Batting: RHB Ángel Torrez 0-0: Ball
1-0: SINGLE (Line Drive, 6D, EV 95.6 MPH)
Jon Lake to second
Batting: RHB Carlos Rivera 0-0: Ball
1-0: Called Strike
1-1: Fly out, F8 (Flyball, 8RXD, EV 99.4 MPH)
Top of the 5th over - 0 runs, 2 hits, 0 errors, 2 left on base; Fort Knox 1 - Long Island 0
BOTTOM OF THE 5TH
Long Island Ducks batting - Pitching for Fort Knox Centennial : RHP Wayne Hankins
Batting: RHB Abdul Razzad Zaimukhes 0-0: Ball
1-0: Foul Ball, location: 2F
1-1: Ball
2-1: Swinging Strike
2-2: Strikes out swinging
Batting: LHB Michizane Yamashita 0-0: Called Strike
0-1: Ball
1-1: Ground out U3 (Groundball, 3, EV 82.5 MPH)
Batting: RHB Alfredo Torres 0-0: Called Strike
0-1: Ball
1-1: Ball
2-1: Swinging Strike
2-2: Strikes out swinging
Bottom of the 5th over - 0 runs, 0 hits, 0 errors, 0 left on base; Fort Knox 1 - Long Island 0
TOP OF THE 6TH
Fort Knox Centennial batting - Pitching for Long Island Ducks : LHP Iukekini Kaliona
Batting: RHB Bubba Baker 0-0: Ball
1-0: Ball
2-0: Called Strike
2-1: Foul Ball, location: 2F
2-2: Foul Ball, location: 2F
2-2: Ball
3-2: Foul Ball, location: 2F
3-2: Foul Ball, location: 2F
3-2: Foul Ball, location: 2F
3-2: Strikes out looking
Batting: RHB Lloyd Griffin 0-0: Foul Ball, location: 2F
0-1: Foul Ball, location: 2F
0-2: Strikes out swinging
Batting: RHB Heriberto Sanches 0-0: SINGLE (Groundball, 4MS, EV 63.1 MPH) (infield hit)
Batting: LHB Raúl Miranda 0-0: SINGLE (Line Drive, 7LS, EV 104.4 MPH)
Heriberto Sanches to second
Batting: RHB Reynaldo Parriego 0-0: DOUBLE (Line Drive, 5D, EV 95.6 MPH)
Heriberto Sanches scores
Raúl Miranda to third
Batting: RHB Stan Doyle 0-0: Ball
1-0: Ball
2-0: Called Strike
2-1: Swinging Strike
2-2: Fly out, F3 (Popup, 23F, EV 91.2 MPH)
Top of the 6th over - 1 run, 3 hits, 0 errors, 2 left on base; Fort Knox 2 - Long Island 0
BOTTOM OF THE 6TH
Long Island Ducks batting - Pitching for Fort Knox Centennial : RHP Wayne Hankins
Batting: RHB Al Ruíz 0-0: Bunt for hit to 2L - play at first, batter OUT! 2-3
Batting: LHB Danny Stone 0-0: Called Strike
0-1: Ball
1-1: Ball
2-1: Ball
3-1: DOUBLE (Line Drive, 78D, EV 103.1 MPH)
Batting: RHB Edgardo Becerra 0-0: Foul Ball, location: 2F
0-1: Ball
1-1: Ball
2-1: Ball
3-1: Foul Ball, location: 2F
3-2: Foul Ball, location: 2F
3-2: Foul Ball, location: 2F
3-2: Foul Ball, location: 2F
3-2: Base on Balls
Pitching: RHP Tommy Casey
Batting: RHB Tom Kelley 0-0: Ball
1-0: Swinging Strike
1-1: Swinging Strike
1-2: Foul Ball, location: 2F
1-2: Ball
2-2: Foul Ball, location: 2F
2-2: Foul Ball, location: 2F
2-2: Strikes out looking
Batting: RHB George Samuels 0-0: Ball
1-0: Swinging Strike
1-1: Foul Ball, location: 2F
1-2: Ball
2-2: Strikes out swinging
Bottom of the 6th over - 0 runs, 1 hit, 0 errors, 2 left on base; Fort Knox 2 - Long Island 0
TOP OF THE 7TH
Fort Knox Centennial batting - Pitching for Long Island Ducks : LHP Iukekini Kaliona
Batting: RHB Jon Lake 0-0: Ball
1-0: Called Strike
1-1: Ball
2-1: Foul Ball, location: 2F
2-2: Ground out 4-3 (Groundball, 4MD, EV 103.1 MPH)
Batting: RHB Ángel Torrez 0-0: Ground out 4-3 (Groundball, 4, EV 91.9 MPH)
Batting: RHB Carlos Rivera 0-0: Ball
1-0: Called Strike
1-1: Foul Ball, location: 2F
1-2: Ball
2-2: Ball
3-2: SINGLE (Line Drive, 8RS, EV 90.0 MPH)
Batting: RHB Bubba Baker 0-0: Ball
Carlos Rivera is caught stealing 2nd base 2-4
Top of the 7th over - 0 runs, 1 hit, 0 errors, 0 left on base; Fort Knox 2 - Long Island 0
BOTTOM OF THE 7TH
Long Island Ducks batting - Pitching for Fort Knox Centennial : RHP Tommy Casey
Batting: RHB Shu-yaan Seema 0-0: Called Strike
0-1: Ball
1-1: Called Strike
1-2: Fly out, F8 (Flyball, 8RS, EV 85.0 MPH)
Batting: RHB Abdul Razzad Zaimukhes 0-0: Ball
1-0: Called Strike
1-1: Ball
2-1: SINGLE (Line Drive, 34D, EV 111.2 MPH)
Batting: LHB Michizane Yamashita 0-0: Called Strike
0-1: Ball
1-1: Swinging Strike
1-2: Ball
2-2: Ball
3-2: SINGLE (Groundball, 4MS, EV 66.2 MPH) (infield hit)
Abdul Razzad Zaimukhes to second
Batting: RHB Alfredo Torres 0-0: Called Strike
0-1: Ball
1-1: Fly out, F8 (Flyball, 8LS, EV 94.4 MPH)
Batting: RHB Al Ruíz 0-0: Ball
1-0: Called Strike
1-1: Ball
2-1: Swinging Strike
2-2: Strikes out looking
Bottom of the 7th over - 0 runs, 2 hits, 0 errors, 2 left on base; Fort Knox 2 - Long Island 0
TOP OF THE 8TH
Fort Knox Centennial batting - Pitching for Long Island Ducks : LHP Iukekini Kaliona
Batting: RHB Bubba Baker 0-0: Called Strike
0-1: Swinging Strike
0-2: Foul Ball, location: 2F
0-2: Ball
1-2: Ball
2-2: Ball
3-2: Ground out 6-3 (Groundball, 6M, EV 110.0 MPH)
Pitching: RHP Katsumoto Ine
Batting: RHB Lloyd Griffin 0-0: Ball
1-0: Called Strike
1-1: Ball
2-1: Called Strike
2-2: Strikes out swinging
Batting: RHB Heriberto Sanches 0-0: Called Strike
0-1: Ball
1-1: Ball
2-1: Ground out 6-3 (Groundball, 6, EV 87.5 MPH)
Top of the 8th over - 0 runs, 0 hits, 0 errors, 0 left on base; Fort Knox 2 - Long Island 0
BOTTOM OF THE 8TH
Long Island Ducks batting - Pitching for Fort Knox Centennial : RHP Tommy Casey
Batting: LHB Danny Stone 0-0: Ball
1-0: Fly out, F9 (Flyball, 9S, EV 82.5 MPH)
Batting: RHB Edgardo Becerra 0-0: Ball
1-0: Ball
2-0: Ball
3-0: Called Strike
3-1: Called Strike
3-2: Strikes out looking
Batting: RHB Tom Kelley 0-0: Called Strike
0-1: Ball
1-1: Ball
2-1: Swinging Strike
2-2: DOUBLE (Groundball, 5L, EV 103.1 MPH)
Batting: RHB George Samuels 0-0: Foul Ball, location: 2F
0-1: Foul Ball, location: 2F
0-2: Foul Ball, location: 2F
0-2: Ball
1-2: Ball
2-2: SINGLE (Groundball, 56D, EV 95.0 MPH)
Tom Kelley to third
Runner from 3rd tries for Home, SAFE, throw by LF to home
George Samuels to second
Pitching: RHP Mike Vanderbilt
Batting: RHB Shu-yaan Seema 0-0: Ball
1-0: Ball
2-0: Ball
3-0: Base on Balls
Batting: RHB Abdul Razzad Zaimukhes 0-0: Called Strike
0-1: Ball
1-1: Swinging Strike
1-2: DOUBLE (Groundball, 5L, EV 106.2 MPH)
George Samuels scores
Shu-yaan Seema to third
Batting: LHB Michizane Yamashita 0-0: Swinging Strike
0-1: Foul Ball, location: 2F
0-2: Ball
1-2: Foul Ball, location: 2F
1-2: Strikes out swinging
Bottom of the 8th over - 2 runs, 3 hits, 0 errors, 2 left on base; Fort Knox 2 - Long Island 2
TOP OF THE 9TH
Fort Knox Centennial batting - Pitching for Long Island Ducks : RHP Katsumoto Ine
Batting: LHB Raúl Miranda 0-0: Called Strike
0-1: Foul Ball, location: 2F
0-2: Ball
1-2: Foul Ball, location: 2F
1-2: Strikes out swinging
Batting: RHB Reynaldo Parriego 0-0: Ball
1-0: Fly out, F7 (Line Drive, 7, EV 90.6 MPH)
Pinch Hitting: LHB Trent Conner 0-0: Called Strike
0-1: Foul Ball, location: 2F
0-2: DOUBLE (Groundball, 3L, EV 110.6 MPH)
Pinch Hitting: LHB Chin-seok Chong 0-0: Intentional Walk
Batting: RHB Ángel Torrez 0-0: Called Strike
0-1: Ball
1-1: Ground out 4-3 (Groundball, 4, EV 81.9 MPH)
Top of the 9th over - 0 runs, 1 hit, 0 errors, 2 left on base; Fort Knox 2 - Long Island 2
BOTTOM OF THE 9TH
Long Island Ducks batting - Pitching for Fort Knox Centennial : RHP Mike Vanderbilt
Now at C: I-tsing Hsiao
Now at 1B: Chin-seok Chong
Batting: RHB Alfredo Torres 0-0: Called Strike
0-1: Ball
1-1: Foul Ball, location: 2F
1-2: Ball
2-2: Ball
3-2: Fly out, F4 (Line Drive, 4, EV 71.2 MPH)
Batting: RHB Al Ruíz 0-0: Ball
1-0: Ground out 1-3 (Groundball, P, EV 81.9 MPH)
Batting: LHB Danny Stone 0-0: Ball
1-0: Called Strike
1-1: Swinging Strike
1-2: Ball
2-2: Foul Ball, location: 2F
2-2: Ball
3-2: Base on Balls
Batting: RHB Edgardo Becerra 0-0: Called Strike
0-1: Ball
1-1: Swinging Strike
1-2: Strikes out swinging
Bottom of the 9th over - 0 runs, 0 hits, 0 errors, 1 left on base; Fort Knox 2 - Long Island 2
TOP OF THE 10TH
Fort Knox Centennial batting - Pitching for Long Island Ducks : RHP Katsumoto Ine
Pitching: RHP Liu-liang Liu
Batting: RHB Carlos Rivera 0-0: Ball
1-0: Ball
2-0: Fly out, F7 (Flyball, 78S, EV 91.2 MPH)
Batting: RHB Bubba Baker 0-0: Ball
1-0: Ball
2-0: Called Strike
2-1: Ground out 6-3 (Groundball, 6, EV 82.5 MPH)
Batting: RHB Lloyd Griffin 0-0: Called Strike
0-1: Ground out 5-3 (Groundball, 56S, EV 67.5 MPH)
Top of the 10th over - 0 runs, 0 hits, 0 errors, 0 left on base; Fort Knox 2 - Long Island 2
BOTTOM OF THE 10TH
Long Island Ducks batting - Pitching for Fort Knox Centennial : RHP Mike Vanderbilt
Batting: RHB Tom Kelley 0-0: Called Strike
0-1: Called Strike
0-2: Strikes out swinging
Batting: RHB George Samuels 0-0: Ball
1-0: Called Strike
1-1: Ball
2-1: Foul Ball, location: 2F
2-2: Foul Ball, location: 2F
2-2: Ball
3-2: Strikes out swinging
Batting: RHB Shu-yaan Seema 0-0: Ball
1-0: Ball
2-0: Ball
3-0: Called Strike
3-1: Base on Balls
Pitching: LHP David Kelly
Batting: RHB Abdul Razzad Zaimukhes 0-0: Ball
1-0: Ball
2-0: Ground out 6-3 (Groundball, 6MS, EV 91.9 MPH)
Bottom of the 10th over - 0 runs, 0 hits, 0 errors, 1 left on base; Fort Knox 2 - Long Island 2
TOP OF THE 11TH
Fort Knox Centennial batting - Pitching for Long Island Ducks : RHP Liu-liang Liu
Batting: RHB Heriberto Sanches 0-0: Foul Ball, location: 2F
0-1: Called Strike
0-2: Ground out 5-3 (Groundball, 56, EV 87.5 MPH)
Batting: LHB Raúl Miranda 0-0: Ball
1-0: Called Strike
1-1: Foul Ball, location: 2F
1-2: Fly out, F8 (Flyball, 89M, EV 89.4 MPH)
Batting: RHB Reynaldo Parriego 0-0: Ball
1-0: SINGLE (Groundball, 6MD, EV 103.8 MPH)
Batting: RHB I-tsing Hsiao 0-0: Ball
1-0: Swinging Strike
1-1: Called Strike
1-2: Strikes out swinging
Top of the 11th over - 0 runs, 1 hit, 0 errors, 1 left on base; Fort Knox 2 - Long Island 2
BOTTOM OF THE 11TH
Long Island Ducks batting - Pitching for Fort Knox Centennial : LHP David Kelly
Batting: LHB Michizane Yamashita 0-0: Ball
1-0: Foul Ball, location: 2F
1-1: Fly out, F9 (Flyball, 89S, EV 78.8 MPH)
Batting: RHB Alfredo Torres 0-0: Ball
1-0: Ball
2-0: Called Strike
2-1: Swinging Strike
2-2: Strikes out swinging
Batting: RHB Al Ruíz 0-0: Called Strike
0-1: Swinging Strike
0-2: Reached on error, E5 (Groundball, 5S, EV 62.5 MPH)
Batting: LHB Danny Stone 0-0: Ball
1-0: Ball
Al Ruíz steals 2nd, throwing error, E2
Al Ruíz to third
2-0: Called Strike
2-1: Reached on error, E4 (Groundball, 4, EV 103.1 MPH)
Al Ruíz scores
Friday, March 26th, 2021 - OOTP Baseball 20.8 Build 74